 Dungeon Crawl Stone Soup version 0.31-a0-1008-g5b978dac0e (webtiles) character file.

Game seed: 8564548498946662311

14 night the Caller (level 2, 0/16 HPs)
             Began as a Tengu Summoner on Nov 12, 2023.
             Succumbed to a goblin's poison
             ... on level 1 of the Dungeon.
             The game lasted 00:01:36 (298 turns).

night the Caller (Tengu Summoner)                    Turns: 298, Time: 00:01:37

Health: 0/16       AC:  2    Str:  8    XL:     2   Next: 45%
Magic:  6/6        EV: 27    Int: 15    God:
Gold:   16         SH:  0    Dex: 14    Spells: 4/5 levels left

rFire   . . .        f - +1 dagger (venom)
rCold   . . .        (no shield)
rNeg    . . .        a - +0 robe
rPois   .            (helmet restricted)
rElec   .            (no cloak)
rCorr   .            (no gloves)
SInv    .            (boots unavailable)
Will    .....        (no amulet)
Stlth   ++           (no ring)
HPRegen 0.22/turn    (no ring)
MPRegen 0.10/turn

%: acrobat
@: lethally poisoned (0 -> -1), acrobatic
A: beak, talons 3, acrobatic
a: no special abilities


You were on level 1 of the Dungeon.
You visited 1 branch of the dungeon, and saw 1 of its levels.

You collected 16 gold pieces.

Inventory:

Hand Weapons
 e - a +0 short sword
 f - a +1 dagger of venom (weapon)
Missiles
 c - 11 stones
 d - 4 boomerangs
Armour
 a - a +0 robe (worn)
Scrolls
 g - a scroll of amnesia {unknown}
Potions
 b - a potion of magic


   Skills:
 + Level 0.5 Fighting
 + Level 0.4(0.5) Short Blades
 + Level 0.3(0.4) Long Blades
 + Level 2.4 Dodging
 - Level 2.0 Stealth
 + Level 2.1 Spellcasting
 + Level 5.0 Summonings


You had 4 spell levels left.
You knew the following spells:

 Your Spells              Type           Power      Damage    Failure   Level
a - Summon Small Mammal   Summ           64%        N/A       2%          1

Your spell library contained the following spells:

 Spells                   Type           Power      Damage    Failure   Level
 Call Imp                 Summ           32%        N/A       4%          2
 Call Canine Familiar     Summ           16%        N/A       9%          3
 Summon Guardian Golem    Hex/Summ       9%         N/A       24%         3
 Summon Lightning Spire   Summ/Air       9%         N/A       61%         4


Dungeon Overview and Level Annotations

Branches:
Dungeon (1/15)

Altars:


Innate Abilities, Weirdness & Mutations

You have a beak for a mouth.
You have claws for feet.
You can magically evade attacks while moving or waiting.


Message History

You kill the dart slug!
The bat hits you. The bat hits you but does no damage.
You barely miss the bat. You claw the bat.
The bat is severely wounded.
The bat barely misses you.
You barely miss the bat. Your kick misses the bat. Your peck misses the bat.
The bat is severely wounded.
The bat hits you. The bat completely misses you. The bat closely misses you.
The bat completely misses you.
You hit the bat.
You kill the bat!
A goblin comes into view. It is wielding a +2 dagger of venom.
The goblin shouts!
A goblin is nearby!
Found a stone staircase leading down.
The goblin hits you with a +2 dagger of venom.
You are poisoned.
You closely miss the goblin. Your kick misses the goblin.
Your peck misses the goblin.
You feel sick.
The goblin hits you with a +2 dagger of venom.
You hit the goblin. Your kick misses the goblin.
The goblin is severely wounded.
You feel sick. The goblin misses you.
You hit the goblin.
You kill the goblin!
* * * LOW HITPOINT WARNING * * *
You feel sick.
Okay, then.
* * * LOW HITPOINT WARNING * * *
You feel sick.
Things that are here:
a +2 dagger of venom; a goblin corpse
* * * LOW HITPOINT WARNING * * *
You feel sick.
* * * LOW HITPOINT WARNING * * *
You feel sick.
* * * LOW HITPOINT WARNING * * *
You feel sick.
You die...

########.### #.......#
#..........###.....).#
#................)...#
#..........#####.#####
############### #......
#...# ####### #...# #...#
#..@# #######
#...########### #......
#.............#####......
#...#########............
#...# #######...... #...>
####### #.... ##... #....


There were no monsters in sight!

Vanquished Creatures
  A dart slug (D:1)
  A goblin (D:1)
  A ball python (D:1)
  A bat (D:1)
  4 kobolds (D:1)
  A rat (D:1)
9 creatures vanquished.

Vanquished Creatures (collateral kills)
  A ball python (D:1)
  An endoplasm (D:1)
  A frilled lizard (D:1)
  A kobold (D:1)
4 creatures vanquished.

Grand Total: 13 creatures vanquished

Notes
Turn   | Place    | Note
-------+----------+-------------------------------------------
     0 | D:1      | night the Tengu Summoner began the quest for the Orb.
     0 | D:1      | Reached XP level 1. HP: 10/10 MP: 4/4
   214 | D:1      | Reached XP level 2. HP: 16/16 MP: 6/6
   217 | D:1      | Reached skill level 5 in Summonings
   296 | D:1      | HP: 2/16 [poisoned by a goblin]
   298 | D:1      | Succumbed to a goblin's poison

Illustrated notes

Levels and vault maps discovered:
D:1:      elethiomel_arrival_infinity_welcomes_careful_drivers, layout_rooms

Skill      XL: |  1  2 |
---------------+-------+-----
Summonings     | 5 |  5.0
Fighting       | |  0.5
Short Blades   | |  0.4
Long Blades    | |  0.3
Dodging        | |  2.4
Stealth        | |  2.0
Spellcasting   | |  2.1

Action                     || total
---------------------------++-------
  Melee: Short sword       ||     3
         Dagger            ||    12
         Peck              ||     2
         Unarmed           ||     1
         Kick              ||     3
   Cast: Summon Small Mamm ||     6
 Armour: Robe              ||    10
  Dodge: Dodged            ||    13

Table legend: (Time is in decaauts)
 A = Elapsed time spent in this place.
 B = Non-inter-level travel time spent in this place.
 C = Inter-level travel time spent in this place.
 D = Time resting spent in this place.
 E = Time spent auto-exploring this place.
 F = Levels seen in this place.
 G = Mean time per level.
                   A        B        C        D        E       F      G
               +--------+--------+--------+--------+--------+-----+--------+
         Total |    296 |    296 |      0 |      0 |    218 |   1 |  296.0 |
       Dungeon |    296 |    296 |      0 |      0 |    218 |   1 |  296.0 |
               +--------+--------+--------+--------+--------+-----+--------+

Top non-repeatable levels by time:
     D:1: 296 daAuts
